 Dungeon Crawl Stone Soup version 0.30-a0-576-g89cddaab80 (webtiles) character file.

Game seed: 5985692054690180764

41529 billz999 the Skirmisher (level 14, -4/111 HPs)
             Began as a Gnoll Hunter on Dec 30, 2022.
             Was an Elder of Kikubaaqudgha.
             Slain by a death yak (24 damage)
             ... on level 4 of the Lair of Beasts.
             The game lasted 00:36:03 (14452 turns).

billz999 the Skirmisher (Gnoll Hunter)             Turns: 14452, Time: 00:36:03

Health: -4/111     AC: 10    Str: 25    XL:     14   Next: 15%
Magic:  27/27      EV: 19    Int: 16    God:    Kikubaaqudgha [****..]
Gold:   629        SH:  0    Dex: 21    Spells: 7/31 levels left

rFire   + + .      SeeInvis .    a - +5 sling of Cuhaotef {flame, Will+ Int+4 Dex-3}
rCold   + + +      Faith    .    (no shield)
rNeg    . . .      Spirit   .    M - +1 leather armour of Absence {Rampage rElec rF+ rC+}
rPois   .          Reflect  .    G - +0 helmet {Int+3}
rElec   +          Harm     .    h - scarf {rC+ rF+}
rCorr   .          Rampage  +    y - +2 pair of gloves {Dex+3}
Will    +....                    (no boots)
Stlth   ++++                     o - amulet of magic regeneration
HPRegen 0.38/turn                q - ring of Pride {*Slow rC++ Will- Str+9 Dex+6}
MPRegen 0.60/turn                u - ring of wizardry

@: studying Throwing
A: fangs 1, strong nose, distributed training
a: Renounce Religion, Unearth Wretches


You were on level 4 of the Lair of Beasts.
You worshipped Kikubaaqudgha.
Kikubaaqudgha was greatly pleased with you.
You visited 3 branches of the dungeon, and saw 14 of its levels.

You collected 1997 gold pieces.
You spent 1368 gold pieces at shops.

Inventory:

Hand Weapons
 a - the +5 sling of Cuhaotef (weapon) {flame, Will+ Int+4 Dex-3}
   (You bought it in a shop on level 4 of the Dungeon)

   Any ammunition fired from it burns those it strikes, dealing additional fire
   damage.
   Int:       It affects your intelligence (+4).
   Dex:       It affects your dexterity (-3).
   Will:      It increases your willpower.
 b - the +10 short sword of Courage {freeze, rCorr Str+2}
   (You found it on level 5 of the Dungeon)

   It freezes those it strikes, dealing additional cold damage.
   It can also slow down cold-blooded creatures.
   Str:       It affects your strength (+2).
   rCorr:     It protects you from acid and corrosion.
 D - a +0 shortbow
Missiles
 N - a throwing net
Armour
 h - a scarf of resistance (worn)
 n - the +11 crystal plate armour of Wutwaij {rPois Dex+2}
   (You acquired it on level 3 of the Dungeon)

   Dex:       It affects your dexterity (+2).
   rPois:     It protects you from poison.
 y - a +2 pair of gloves of dexterity (worn)
 A - the +4 chain mail of Jual {*Slow Fly rPois Dex+4}
   (You bought it in a shop on level 2 of the Dungeon)

   Dex:       It affects your dexterity (+4).
   rPois:     It protects you from poison.
   Fly:       It grants you flight.
   *Slow:     It may slow you when you take damage.
 G - a +0 helmet of intelligence (worn)
 M - the +1 leather armour of Absence (worn) {Rampage rElec rF+ rC+}
   (You found it on level 8 of the Dungeon)

   rF:        It protects you from fire.
   rC:        It protects you from cold.
   rElec:     It insulates you from electricity.
   Rampage:   It bestows one free step when moving towards enemies.
 P - a scarf of repulsion
Jewellery
 e - an amulet of the acrobat
 g - a ring of protection from cold
 o - an amulet of magic regeneration (around neck)
 q - the ring of Pride (left hand) {*Slow rC++ Will- Str+9 Dex+6}
   (You acquired it on level 3 of the Dungeon)

   [ring of dexterity]

   Str:       It affects your strength (+9).
   Dex:       It affects your dexterity (+6).
   rC:        It greatly protects you from cold.
   *Slow:     It may slow you when you take damage.
   Will:      It decreases your willpower.
 u - a ring of wizardry (right hand)
 v - an amulet of faith
 I - an amulet of regeneration
 J - a ring of fire
 K - a ring of protection from cold
 R - a ring of flight
Wands
 c - a wand of paralysis (3)
 p - a wand of iceblast (13)
 O - a wand of flame (31)
 Q - a wand of mindburst (6)
 U - a wand of polymorph (2)
Scrolls
 f - 2 scrolls of noise
 k - 3 scrolls of enchant armour
 m - 2 scrolls of poison
 w - 4 scrolls of teleportation
 C - a scroll of silence
 F - a scroll of enchant weapon
 H - a scroll of torment
 T - 3 scrolls of identify
 V - a scroll of magic mapping
Potions
 d - 6 potions of resistance
 i - a potion of haste {unknown}
 j - 2 potions of curing
 l - 2 potions of heal wounds
 r - 2 potions of might
 s - a potion of ambrosia
 t - 2 potions of berserk rage
 x - 4 potions of degeneration
 z - 4 potions of attraction
 B - 7 potions of brilliance
 E - 3 potions of mutation {unknown}
 L - a potion of flight {unknown}
 S - a potion of cancellation {unknown}


   Skills:
 + Level 10.5 Fighting
 + Level 9.4 Short Blades
 + Level 9.4 Long Blades
 + Level 9.4 Axes
 + Level 9.4 Maces & Flails
 + Level 9.4 Polearms
 + Level 9.4 Staves
 + Level 12.5 Ranged Weapons
 + Level 9.5 Throwing
 + Level 9.4 Armour
 + Level 10.5 Dodging
 + Level 9.7 Stealth
 + Level 9.4 Shields
 + Level 9.4 Unarmed Combat
 + Level 9.4 Spellcasting
 + Level 7.8 Conjurations
 + Level 7.8 Hexes
 + Level 7.8 Summonings
 + Level 7.8 Necromancy
 + Level 7.8 Translocations
 + Level 7.8 Transmutations
 + Level 7.8 Fire Magic
 + Level 7.8 Ice Magic
 + Level 7.8 Air Magic
 + Level 7.8 Earth Magic
 + Level 7.8 Poison Magic
 + Level 10.2 Invocations
 + Level 9.4 Evocations


You had 7 spell levels left.
You knew the following spells:

 Your Spells              Type           Power      Damage    Failure   Level
a - Borgnjor's Vile Clut  Necr/Erth      16%        N/A       4%          5
b - Summon Lightning Spi  Summ/Air       32%        N/A       1%          4
c - Dispel Undead         Necr           32%        3d14      1%          4
d - Death Channel         Necr           16%        N/A       26%         6
e - Agony                 Necr           32%        N/A       4%          5

Your spell library contained the following spells:

 Spells                   Type           Power      Damage    Failure   Level
 Magic Dart               Conj           100%       1d8       1%          1
 Necrotise                Necr           100%       1d9       1%          1
 Cigotuvi's Dreadful Rot  Necr/Pois/Air  64%        N/A       1%          2
 Searing Ray              Conj           64%        2d6       1%          2
 Sublimation of Blood     Necr           32%        N/A       1%          2
 Inner Flame              Hex/Fire       32%        N/A       1%          3
 Vampiric Draining        Necr           32%        2d8       1%          3
 Airstrike                Air            16%        2d(3-19)  1%          4
 Flame Wave               Conj/Fire      32%        2d9       1%          4
 Fulminant Prism          Conj/Hex       16%        3d10      1%          4
 Sticky Flame             Conj/Fire      32%        2d5       1%          4
 Lightning Bolt           Conj/Air       16%        1d30      4%          5
 Simulacrum               Ice/Necr       16%        N/A       26%         6


Dungeon Overview and Level Annotations

Branches:
Dungeon (8/15)             Temple (1/1) D:4            Lair (5/5) D:8
 Shoals (0/4) Lair:2       Spider (0/4) Lair:3
  Slime: Lair:4-5

Altars:
Ashenzari
Cheibriados
Dithmenos
Elyvilon
Fedhas
Gozag
Hepliaklqana
Kikubaaqudgha
Makhleb
Nemelex Xobeh
Okawaru
Qazlal
Ru
Sif Muna
Trog
Uskayaw
Vehumet
Wu Jian
Xom
The Shining One

Shops:
D:1 [   D:2 ![[*[   D:4 (

Annotations:
D:3 2 runed translucent doors, Jase's ghost, amateur KoBr
D:4 2 transporters


Innate Abilities, Weirdness & Mutations

You have very sharp teeth.
Your uncanny sense of smell can sniff out nearby items.
Your experience applies equally to all skills.


Message History

What level of the Lair of Beasts? (default 1, ? - help)
There is a stone staircase leading down here.
You climb downwards.
The five-headed hydra closely misses you. x2
The five-headed hydra bites you but does no damage.
The five-headed hydra completely misses you.
The five-headed hydra bites you. The death yak gores you.
The death yak barely misses you. The death yak misses you.
The death yak gores you!!
The five-headed hydra bites you but does no damage.
The five-headed hydra completely misses you.
The five-headed hydra bites you but does no damage. x2
The five-headed hydra bites you! The death yak completely misses you.
The death yak gores you!!
The death yak gores you but does no damage.
The death yak gores you!
There is a stone staircase leading up, spattered with blood here.
Unknown command.
Okay, then.
Okay, then.
The five-headed hydra bites you! The five-headed hydra bites you.
The five-headed hydra bites you!
* * * LOW HITPOINT WARNING * * *
The five-headed hydra barely misses you.
The five-headed hydra closely misses you.
The death yak misses you.
The death yak gores you but does no damage.
The death yak closely misses you. The death yak gores you!
* * * LOW HITPOINT WARNING * * *
You climb upwards.
There is a stone staircase leading down here.
The five-headed hydra attacks as you move away!
The five-headed hydra bites you.
* * * LOW HITPOINT WARNING * * *
The five-headed hydra barely misses you. x2
The five-headed hydra bites you but does no damage.
The five-headed hydra barely misses you.
The death yak gores you!!
You die...
Kikubaaqudgha rasps: "You have failed me!
Welcome... death!"

.....###..........##.............
.....##..##......#...............
.....###..###..#.................
...........#...#.................
..........#.....#...........÷....
...........♣.<.♣#................
..........#..................P...
...........#.♣.##YY..............
...........####.@D...............
................Y.Y..............
....#.#..........................
.....##.######...................
.....#### ##.......#...##......
.....## ###.......###P####..###
......# ##.........# ### ####
.#....# ##........###
##.#.####.........#


You could see 4 death yaks and a five-headed hydra.

Vanquished Creatures
  Rupert (Lair:5)
  A hydra (Lair:5)
  An ice dragon (Lair:3)
  A catoblepas (Lair:2)
  2 two-headed ogres
  8 death yaks
  2 sea snakes (Lair:5)
  An oklob plant (Lair:1)
  2 manticores
  2 elephants (Lair:5)
  2 black mambas
  A torpor snail (Lair:5)
  3 cane toads
  3 komodo dragons
  6 rime drakes
  An ice devil (Lair:3)
  2 polar bears (Lair:3)
  A wind drake (Lair:2)
  A slime creature (D:6)
  5 blink frogs
  3 wyverns
  15 yaks
  A death yak simulacrum (Lair:3)
  A redback (Lair:3)
  A basilisk (Lair:1)
  5 steam dragons
  2 harpy simulacra (Lair:3)
  12 water moccasins
  Edmund (D:4)
  2 sky beasts
  2 black bears
  2 ice beasts
  2 ogres
  13 wolves
  4 centaurs
  2 phantoms
  13 bullfrogs
  2 necrophages
  A two-headed ogre simulacrum (Lair:3)
  4 scorpions
  3 wights (D:8)
  An elephant simulacrum (Lair:3)
  An electric eel (Lair:1)
  A howler monkey (D:5)
  3 orc priests
  8 hounds
  11 jellies
  A gnoll bouda (D:8)
  6 iguanas
  An orc wizard (D:7)
  A troll simulacrum (Lair:3)
  2 spriggan simulacra (Lair:3)
  5 adders
  A gnoll (D:8)
  A shadow imp (D:8)
  4 white imps
  An ufetubus (D:4)
  3 worms
  A dart slug (D:1)
  8 orcs
  18 endoplasms
  2 giant cockroaches
  4 hobgoblins
  4 jackals (D:1)
  5 kobolds
  6 quokkas
  4 ball pythons
  6 bats
  2 frilled lizards (D:3)
  3 goblins
  6 rats
257 creatures vanquished.

Vanquished Creatures (collateral kills)
  A hydra (Lair:4)
  5 death yaks
  A sea snake (Lair:5)
  3 elephants (Lair:5)
  4 cane toads
  4 rime drakes
  5 komodo dragons
  A polar bear (Lair:3)
  A hornet (Lair:5)
  4 blink frogs (Lair:5)
  4 yaks
  3 wyverns
  A nameless horror (Lair:2)
  4 wolves (Lair:4)
  A two-headed ogre simulacrum (Lair:3)
  A cane toad simulacrum (Lair:3)
43 creatures vanquished.

Vanquished Creatures (others)
  2 gnolls (D:8)
  23 fungi
  58 plants
83 creatures vanquished.

Grand Total: 383 creatures vanquished

Notes
Turn   | Place    | Note
-------+----------+-------------------------------------------
     0 | D:1      | billz999 the Gnoll Hunter began the quest for the Orb.
     0 | D:1      | Reached XP level 1. HP: 20/20 MP: 1/1
     2 | D:1      | Found Uxzetoer's Armour Shoppe.
   107 | D:1      | Reached XP level 2. HP: 26/26 MP: 2/2
   304 | D:1      | Reached XP level 3. HP: 31/31 MP: 3/3
   533 | D:2      | Reached skill level 1 in Invocations
   628 | D:2      | Found Mine Poi's Armour Emporium.
   658 | D:2      | Reached skill level 1 in Short Blades
   658 | D:2      | Reached skill level 1 in Long Blades
   658 | D:2      | Reached skill level 1 in Axes
   658 | D:2      | Reached skill level 1 in Maces & Flails
   658 | D:2      | Reached skill level 1 in Polearms
   658 | D:2      | Reached skill level 1 in Staves
   658 | D:2      | Reached skill level 1 in Throwing
   658 | D:2      | Reached skill level 1 in Armour
   658 | D:2      | Reached skill level 1 in Shields
   658 | D:2      | Reached skill level 1 in Unarmed Combat
   658 | D:2      | Reached skill level 1 in Spellcasting
   658 | D:2      | Reached skill level 1 in Evocations
   670 | D:2      | Found Pureaz's Distillery.
   678 | D:2      | Bought a potion of heal wounds for 50 gold pieces
   731 | D:2      | Found Xoxuuzaf's Armour Boutique.
   820 | D:2      | Found Viamof's Assorted Antiques.
   886 | D:2      | Found Cuipny's Antique Armour Shoppe.
  1091 | D:2      | Reached XP level 4. HP: 38/38 MP: 5/5
  1428 | D:3      | Identified 2 scrolls of acquirement
  1443 | D:3      | Acquired the ring of Pride {*Slow rC++ Will- Str+9 Dex+6}
  1444 | D:3      | Acquired the +11 crystal plate armour of Wutwaij {rPois
                  | Dex+2}
  1478 | D:3      | Found a runed translucent door.
  1481 | D:3      | Noticed Jase's ghost (amateur KoBr)
  1537 | D:3      | Reached skill level 1 in Conjurations
  1537 | D:3      | Reached skill level 1 in Hexes
  1537 | D:3      | Reached skill level 1 in Summonings
  1537 | D:3      | Reached skill level 1 in Necromancy
  1537 | D:3      | Reached skill level 1 in Translocations
  1537 | D:3      | Reached skill level 1 in Transmutations
  1537 | D:3      | Reached skill level 1 in Fire Magic
  1537 | D:3      | Reached skill level 1 in Ice Magic
  1537 | D:3      | Reached skill level 1 in Air Magic
  1537 | D:3      | Reached skill level 1 in Earth Magic
  1537 | D:3      | Reached skill level 1 in Poison Magic
  1662 | D:3      | Found a runed translucent door.
  1891 | D:4      | Found Yfergh's Antique Weapon Emporium.
  1938 | D:4      | Reached XP level 5. HP: 43/43 MP: 7/7
  1961 | D:4      | Noticed a black bear
  1970 | D:4      | Killed a black bear
  2056 | D:4      | Noticed a phantom
  2064 | D:4      | Killed a phantom
  2065 | D:4      | Reached skill level 5 in Fighting
  2065 | D:4      | Reached skill level 5 in Dodging
  2065 | D:4      | Reached XP level 6. HP: 51/51 MP: 7/9
  2141 | D:4      | Found a transporter.
  2146 | D:4      | Noticed a fire bat
  2150 | D:4      | Noticed Edmund
  2155 | D:4      | Killed Edmund
  2246 | D:4      | Noticed a sky beast
  2254 | D:4      | Killed a sky beast
  2255 | D:4      | Reached XP level 7. HP: 52/56 MP: 10/10
  2426 | D:4      | Found a transporter.
  2459 | D:4      | Found a staircase to the Ecumenical Temple.
  2468 | Temple   | Entered the Ecumenical Temple
  2473 | Temple   | Became a worshipper of Kikubaaqudgha
  2562 | D:5      | Entered Level 5 of the Dungeon
  2607 | D:5      | Identified the +10 short sword of Courage {freeze, rCorr
                  | Str+2}
  2659 | D:5      | Noticed a +0 dagger
  2661 | D:5      | Noticed a +0 spear
  2661 | D:5      | Noticed a +0 dagger
  2859 | D:5      | Reached skill level 9 in Ranged Weapons
  3059 | D:5      | Reached XP level 8. HP: 58/63 MP: 12/12
  3144 | D:4      | Bought an ichor-stained sling for 143 gold pieces
  3144 | D:4      | Identified the +5 sling of Cuhaotef {flame, Will+ Int+4
                  | Dex-3} (You bought it in a shop on level 4 of the Dungeon)
  3564 | D:5      | Noticed a +0 short sword
  3565 | D:5      | Noticed a +0 falchion
  3565 | D:5      | Noticed a +0 short sword
  3565 | D:5      | Noticed a +0 spear
  3567 | D:5      | Noticed a +0 falchion
  3612 | D:5      | Found a hide-covered altar of Uskayaw.
  3703 | D:6      | Found a sacrificial altar of Ru.
  3726 | D:6      | Reached * piety under Kikubaaqudgha
  3726 | D:6      | Received a gift from Kikubaaqudgha
  4151 | D:6      | Noticed a two-headed ogre
  4161 | D:6      | Killed a two-headed ogre
  4162 | D:6      | Reached XP level 9. HP: 36/70 MP: 13/15
  4175 | D:6      | Reached skill level 5 in Stealth
  4470 | D:6      | Reached ** piety under Kikubaaqudgha
  4471 | D:6      | Reached skill level 5 in Invocations
  4511 | D:6      | Acquired 1120 gold pieces
  4731 | D:2      | Bought a +2 pair of gloves of dexterity for 301 gold pieces
  4803 | D:2      | Bought a heavily runed chain mail for 209 gold pieces
  4803 | D:2      | Identified the +4 chain mail of Jual {*Slow Fly rPois
                  | Dex+4} (You bought it in a shop on level 2 of the Dungeon)
  4860 | D:2      | Bought a glowing helmet for 165 gold pieces
  4921 | D:2      | Bought a potion of experience for 500 gold pieces
  4921 | D:2      | Reached skill level 10 in Ranged Weapons
  4921 | D:2      | Reached skill level 5 in Conjurations
  4921 | D:2      | Reached skill level 5 in Hexes
  4921 | D:2      | Reached skill level 5 in Summonings
  4921 | D:2      | Reached skill level 5 in Necromancy
  4921 | D:2      | Reached skill level 5 in Translocations
  4921 | D:2      | Reached skill level 5 in Transmutations
  4921 | D:2      | Reached skill level 5 in Fire Magic
  4921 | D:2      | Reached skill level 5 in Ice Magic
  4921 | D:2      | Reached skill level 5 in Air Magic
  4921 | D:2      | Reached skill level 5 in Earth Magic
  4921 | D:2      | Reached skill level 5 in Poison Magic
  4921 | D:2      | Reached XP level 10. HP: 80/80 MP: 15/19
  5578 | D:7      | Found a snail-covered altar of Cheibriados.
  5838 | D:7      | Reached XP level 11. HP: 86/86 MP: 20/20
  5897 | D:7      | Found a shimmering blue altar of Sif Muna.
  6312 | D:8      | Noticed a two-headed ogre
  6320 | D:8      | Killed a two-headed ogre
  6544 | D:8      | Identified the +1 leather armour of Absence {Rampage rElec
                  | rF+ rC+}
  6609 | D:8      | Found a radiant altar of Vehumet.
  6755 | D:8      | Found a staircase to the Lair.
  7038 | Lair:1   | Entered Level 1 of the Lair of Beasts
  7183 | Lair:1   | Reached *** piety under Kikubaaqudgha
  7183 | Lair:1   | Received a gift from Kikubaaqudgha
  7190 | Lair:1   | Learned a level 5 spell: Borgnjor's Vile Clutch
  7636 | Lair:1   | Reached skill level 11 in Ranged Weapons
  7820 | Lair:1   | Learned a level 4 spell: Summon Lightning Spire
  7841 | Lair:1   | Noticed an oklob plant
  7846 | Lair:1   | Killed an oklob plant
  8482 | Lair:2   | Noticed a catoblepas
  8504 | Lair:2   | Killed a catoblepas
  8505 | Lair:2   | Reached XP level 12. HP: 44/94 MP: 2/23
  8979 | Lair:2   | Found a staircase to the Shoals.
  9329 | Lair:3   | Noticed a death yak
  9329 | Lair:3   | Noticed a death yak
  9329 | Lair:3   | Noticed a death yak
  9329 | Lair:3   | Noticed a death yak
  9329 | Lair:3   | Noticed a death yak
  9332 | Lair:3   | Noticed a death yak
  9377 | Lair:3   | Killed a death yak
  9387 | Lair:2   | Killed a death yak
  9459 | Lair:3   | Killed a death yak
  9475 | Lair:2   | Killed a death yak
  9699 | Lair:3   | Killed a death yak
  9718 | Lair:3   | Killed a death yak
 10005 | Lair:3   | Found a hole to the Spider Nest.
 10039 | Lair:3   | Noticed a death yak
 10043 | Lair:3   | Noticed an ice dragon
 10067 | Lair:4   | Noticed a death yak
 10067 | Lair:4   | Noticed a death yak
 10067 | Lair:4   | Noticed a death yak
 10067 | Lair:4   | Noticed a death yak
 10067 | Lair:4   | Noticed a death yak
 10081 | Lair:3   | Killed a death yak
 10668 | Lair:3   | Reached XP level 13. HP: 96/101 MP: 17/25
 10675 | Lair:3   | Killed an ice dragon
 11631 | Lair:3   | Found a hole to the Spider Nest.
 12719 | Lair:3   | Reached skill level 12 in Ranged Weapons
 13105 | Lair:4   | Reached **** piety under Kikubaaqudgha
 13175 | Lair:4   | Reached skill level 10 in Fighting
 13175 | Lair:4   | Reached skill level 10 in Dodging
 13193 | Lair:4   | Learned a level 4 spell: Dispel Undead
 13200 | Lair:4   | Learned a level 6 spell: Death Channel
 13206 | Lair:4   | Learned a level 5 spell: Agony
 13669 | Lair:5   | Entered Level 5 of the Lair of Beasts
 13911 | Lair:5   | Paralysed by a hornet for 3 turns
 14062 | Lair:5   | Reached skill level 10 in Invocations
 14265 | Lair:5   | Reached XP level 14. HP: 111/111 MP: 20/27
 14332 | Lair:5   | Noticed Rupert
 14348 | Lair:5   | Killed Rupert
 14452 | Lair:4   | Slain by a death yak

Illustrated notes

Levels and vault maps discovered:
D:1:      tarquinn_simple_flora_water_e, layout_rooms, serial_shops, shop,
          serial_forest, infiniplex_forest_lined_2,
          infiniplex_forest_lined_room_, infiniplex_forest_lined_2,
          infiniplex_forest_lined_corner, infiniplex_forest_lined_1,
          infiniplex_forest_clump_double, infiniplex_forest_straight_1,
          infiniplex_forest_clump_diagonal, infiniplex_forest_end_1
D:2:      layout_loops_ring, serial_shops, shop, nicolae_shop_statue_plus, shop,
          nicolae_shop_behind_doors, shop, serial_aquarium,
          aquarium_bridge_straight [aquarium_subvault_bridge,
          aquarium_subvault_wall, aquarium_subvault_bridge,
          aquarium_subvault_balcony], aquarium_bridge_square
          [aquarium_subvault_bridge, aquarium_subvault_bridge,
          aquarium_subvault_balcony, aquarium_subvault_window],
          aquarium_window_double, aquarium_window_2, aquarium_window_corridor_1,
          aquarium_view_2f, aquarium_view_2c, aquarium_balcony_3b
D:3:      layout_rooms, ebering_ghost_sewer_f, minmay_liquid_box
D:4:      gammafunk_cloud_chamber, layout_basic, temple_hall, serial_shops,
          shop, hangedman_decor_riveting, uniq_edmund
D:5:      layout_loops_corners, nicolae_uskayaw_en_pointe, serial_bayou_ford_a,
          st_stairs_7, chequers_serial_rivers_small_b, kennysheep_windowed_goal
D:6:      lemuel_slime, layout_basic, lemuel_tele_altar
D:7:      layout_basic, nicolae_sif_muna_condensation, amcnicky_altar_gilded
D:8:      layout_basic, mainiacjoe_overflow_small_starburst, david_lair_shrubbed
Temple:   minmay_freezing_vapour_temple
Lair:1:   layout_chaotic_city, gauntlet_entry_generic, grunt_megastairs_3,
          serial_bayou_shore_a
Lair:2:   layout_loops_ring, minmay_shoals_entry_beasts,
          nicolae_volcano_entry_lava_flow, st_stairs_7
Lair:3:   dreamdust_isle_of_ice, layout_regular_city, spider_nest_entry_a,
          lemuel_fruit_tree
Lair:4:   layout_hall_layers, serial_bayou_pond_c,
          chequers_serial_rivers_micro_b, grunt_megastairs_2
Lair:5:   gammafunk_lair_ancient_temple, layout_cave_shapes,
          minmay_slime_entry_oklob_enclosed, uniq_rupert

Skill      XL: |  1  2  3  4  5  6  7  8  9 10 11 12 13 |
---------------+----------------------------------------+-----
Invocations    | 1 2 3 4 6 7 8 9 10 | 10.2
Short Blades   | 1 2 3 4 6 7 8 9 |  9.4
Long Blades    | 1 2 3 4 6 7 8 9 |  9.4
Axes           | 1 2 3 4 6 7 8 9 |  9.4
Maces & Flails | 1 2 3 4 6 7 8 9 |  9.4
Polearms       | 1 2 3 4 6 7 8 9 |  9.4
Staves         | 1 2 3 4 6 7 8 9 |  9.4
Throwing       | 1 2 3 4 6 7 8 9 |  9.5
Armour         | 1 2 3 4 6 7 8 9 |  9.4
Shields        | 1 2 3 4 6 7 8 9 |  9.4
Unarmed Combat | 1 2 3 4 6 7 8 9 |  9.4
Spellcasting   | 1 2 3 4 6 7 8 9 |  9.4
Evocations     | 1 2 3 4 6 7 8 9 |  9.4
Conjurations   | 1 2 3 5 6 7 |  7.8
Hexes          | 1 2 3 5 6 7 |  7.8
Summonings     | 1 2 3 5 6 7 |  7.8
Necromancy     | 1 2 3 5 6 7 |  7.8
Translocations | 1 2 3 5 6 7 |  7.8
Transmutations | 1 2 3 5 6 7 |  7.8
Fire Magic     | 1 2 3 5 6 7 |  7.8
Ice Magic      | 1 2 3 5 6 7 |  7.8
Air Magic      | 1 2 3 5 6 7 |  7.8
Earth Magic    | 1 2 3 5 6 7 |  7.8
Poison Magic   | 1 2 3 5 6 7 |  7.8
Stealth        | 3 4 6 7 8 9 |  9.7
Fighting       | 5 6 7 8 9 10 | 10.5
Dodging        | 5 6 7 8 9 10 | 10.5
Ranged Weapons | 9 10 11 12 | 12.5

Action                   |  1- 3 |  4- 6 |  7- 9 | 10-12 | 13-15 || total
-------------------------+-------+-------+-------+-------+-------++-------
Melee: Short sword       |       |       |    68 |    63 |     1 ||   132
       Bite              |       |       |     9 |    11 |       ||    20
       Punch             |       |       |     2 |     7 |       ||     9
 Fire: Shortbow          |    86 |    94 |    30 |       |       ||   210
       Sling             |       |       |    52 |   286 |   242 ||   580
 Cast: Borgnjor's Vile C |       |       |       |    45 |    55 ||   100
       Summon Lightning  |       |       |       |    36 |    37 ||    73
       Death Channel     |       |       |       |       |     3 ||     3
Evoke: Wand              |       |     4 |     2 |     7 |       ||    13
  Use: Scroll            |       |     6 |     2 |    16 |     5 ||    29
       Potion            |       |       |     1 |       |     5 ||     6
 Stab: Distracted        |       |       |       |     1 |     1 ||     2
Armor: Leather armour    |     6 |       |    10 |    12 |    41 ||    69
       Crystal plate arm |       |   106 |    10 |       |       ||   116
       Chain mail        |       |       |       |    27 |       ||    27
Dodge: Dodged            |    22 |    28 |    53 |   121 |   131 ||   355

Table legend: (Time is in decaauts)
 A = Elapsed time spent in this place.
 B = Non-inter-level travel time spent in this place.
 C = Inter-level travel time spent in this place.
 D = Time resting spent in this place.
 E = Time spent auto-exploring this place.
 F = Levels seen in this place.
 G = Mean time per level.
                   A        B        C        D        E       F      G
               +--------+--------+--------+--------+--------+-----+--------+
         Total |  14536 |  13456 |   1080 |   1498 |   9986 |  14 | 1038.3 |
       Dungeon |   7137 |   6397 |    740 |     54 |   5371 |   8 |  892.1 |
        Temple |     10 |      2 |      8 |      0 |      0 |   1 |   10.0 |
          Lair |   7388 |   7056 |    332 |   1443 |   4615 |   5 | 1477.6 |
               +--------+--------+--------+--------+--------+-----+--------+

Top non-repeatable levels by time:
  Lair:3: 3194 daAuts
  Lair:2: 1504 daAuts
     D:5: 1164 daAuts
     D:2: 1158 daAuts
     D:6: 1143 daAuts
  Lair:1: 1098 daAuts
     D:7: 1010 daAuts
  Lair:4: 961 daAuts
     D:4: 831 daAuts
     D:8: 763 daAuts
  Lair:5: 629 daAuts
     D:3: 542 daAuts
     D:1: 523 daAuts
  Temple: 10 daAuts
